 Dungeon Crawl Stone Soup version 0.20-a0-465-g6513c8f (webtiles) character file.

109 Banto the Ruffian (level 4, -1/35 HPs)
             Began as a Draconian Transmuter on Jan 12, 2017.
             Slain by vogonpoet's ghost (11 damage)
             ... on level 3 of the Dungeon.
             The game lasted 00:02:29 (1641 turns).

Banto the Ruffian (Draconian Transmuter)            Turns: 1641, Time: 00:02:30

Health: -1/35      AC:  2    Str: 12    XL:     4   Next: 60%
Magic:  4/7        EV: 19    Int: 15    God:
Gold:   72         SH:  0    Dex: 16    Spells: 1/7 levels left

rFire  . . .     SeeInvis .       - Unarmed
rCold  . . .     Gourm    .     (armour unavailable)
rNeg   . . .     Faith    .     (shield currently unavailable)
rPois  x         Spirit   .     (helmet currently unavailable)
rElec  .         Reflect  .     (cloak currently unavailable)
rCorr  .         Harm     .     (gloves currently unavailable)
MR     .....                    (boots currently unavailable)
Stlth  +.........               (no amulet)
                                (no ring)
                                (no ring)

@: lethally poisoned (-1 -> -7), spider-form
A: unfitting armour, (cold-blooded), AC +5
a: End Transformation


You were on level 3 of the Dungeon.
You were hungry.
You were a venomous arachnid creature.
You visited 1 branch of the dungeon, and saw 3 of its levels.

You collected 72 gold pieces.

Inventory:

Missiles
 a - 12 arrows
Scrolls
 e - 2 scrolls of identify
 k - a scroll of amnesia
 m - a scroll of enchant weapon
Potions
 d - 2 potions of curing
 n - a potion of heal wounds
Books
 b - a book of Changes

   Spells                             Type                      Level
   a - Beastly Appendage              Transmutation                1
   b - Sticks to Snakes               Transmutation                2
   c - Spider Form                    Transmutation/Poison         3
   d - Ice Form                       Ice/Transmutation            4
   e - Blade Hands                    Transmutation                5
Comestibles
 c - 2 bread rations
 f - 3 chunks of flesh
 g - a slice of pizza
 h - 2 meat rations


   Skills:
 - Level 1.1 Fighting
 - Level 1.7 Dodging
 + Level 4.4 Unarmed Combat
 - Level 2.0 Spellcasting
 + Level 3.6 Transmutations


You had one spell level left.
You knew the following spells:

 Your Spells              Type           Power        Failure   Level  Hunger
a - Beastly Appendage     Tmut           ##....       17%         1    #......
b - Sticks to Snakes      Tmut           ##......     24%         2    ###....
c - Spider Form           Tmut/Pois      #.........   56%         3    ###....


Dungeon Overview and Level Annotations

Branches:
Dungeon (3/15)

Altars:
Yredelemnul
Zin

Shops:
D:3 *

Annotations:
D:3 vogonpoet's ghost, amateur MiAr


Innate Abilities, Weirdness & Mutations

((Your plain brown scales are hard. (AC +5)))
You cannot fit into any form of body armour.
((You are cold-blooded and may be slowed by cold attacks.))


Message History

The giant cockroach barely misses you. The adder completely misses you.
Casting: Spider Form
Confirm with . or Enter, or press ? or * to list all spells.
You turn into a venomous arachnid creature.
You are feeling hungry.
The giant cockroach misses you.
You now have 4/7 mp.
You hit the giant cockroach but do no damage.
The giant cockroach is almost dead.
The giant cockroach closely misses you.
You bite the giant cockroach!
You kill the giant cockroach!
The dart slug closely misses you. The adder bites you.
You are poisoned.
The adder poisons you!
You take 1 damage, and have 11/35 hp.
You barely miss the adder.
You feel sick. The adder closely misses you. The dart slug misses you.
Vogonpoet's ghost hits you!
You die...

...#...≈≈≈#≈≈≈.≈≈≈#≈≈≈#
........≈≈≈≈≈..≈.≈≈≈≈.#
.:#....#≈≈≈#≈...≈≈≈≈≈#.
..#......≈≈≈≈≈≈≈≈≈≈≈## #
..+........≈≈≈≈≈≈≈.## .#
..##......##≈#.≈≈#.+###.#
..>#.....# ###.###......##
.........# #............
.........######.s......###
..)....#......#SwW.....+
....#...(..)...o.......#
..÷))..................#
............÷.........##
...†..................##
....#.(................#
....#..................#
....#..................#


You could see vogonpoet's ghost, an adder, a dart slug and an orc.

Vanquished Creatures
  4 adders
  An ooze (D:3)
  2 worms (D:2)
  7 dart slugs
  A leopard gecko (D:3)
  An orc (D:3)
  2 giant cockroaches
  3 goblins
  5 hobgoblins
  4 jackals (D:2)
  A quokka (D:3)
  5 bats
  A frilled lizard (D:2)
  6 kobolds
  5 rats
48 creatures vanquished.

Notes
Turn   | Place    | Note
-------+----------+-------------------------------------------
     0 | D:1      | Banto the Draconian Transmuter began the quest for the Orb.
     0 | D:1      | Reached XP level 1. HP: 16/16 MP: 3/3
   165 | D:1      | Reached XP level 2. HP: 23/23 MP: 5/5
   494 | D:2      | Found a faded altar of an unknown god.
   569 | D:2      | Reached XP level 3. HP: 23/28 MP: 3/6
   599 | D:2      | Learned a level 2 spell: Sticks to Snakes
   603 | D:2      | Learned a level 3 spell: Spider Form
   823 | D:2      | Reached skill level 4 in Unarmed Combat
   851 | D:2      | Found a basalt altar of Yredelemnul.
  1204 | D:3      | Reached XP level 4. HP: 35/35 MP: 3/7
  1608 | D:3      | Found Zin's Purification Station.
  1612 | D:3      | Noticed vogonpoet's ghost (amateur MiAr)
  1613 | D:3      | Found a glowing silver altar of Zin.
  1641 | D:3      | Slain by vogonpoet's ghost

Vault maps used:
D:1:      onia_arrival_mini_spirals, st_stairs_13
D:2:      lemuel_coloured_pillars_altar, chequers_ecumenical_altar_simple
D:3:      kennysheep_slugbush, zin_purify, first_bread

Skill      XL: |  1  2  3 |
---------------+----------+-----
Transmutations | 3 |  3.6
Unarmed Combat | 4 |  4.4
Fighting       | |  1.1
Dodging        | |  1.7
Spellcasting   | |  2.0

Action                   |  1- 3 |  4- 6 || total
-------------------------+-------+-------++-------
Melee: Unarmed           |   112 |    53 ||   165
       Tailslap          |    10 |     3 ||    13
       Punch             |     2 |     1 ||     3
       Headbutt          |     1 |       ||     1
       Kick              |     6 |       ||     6
 Cast: Beastly Appendage |     4 |       ||     4
       Spider Form       |     2 |     4 ||     6
  Use: Potion            |     1 |       ||     1
       Scroll            |       |     6 ||     6
  Eat: Chunk             |     1 |     2 ||     3
Armor: Skin              |    44 |    19 ||    63
Dodge: Dodged            |    74 |    78 ||   152

Table legend:
 A = Turns spent in this place as a percentage of turns spent in the entire game.
 B = Non-inter-level travel turns spent in this place as a percentage of non-inter-level travel turns spent in the entire game.
 C = Inter-level travel turns spent in this place as a percentage of turns spent in this place.
 D = Turns resting spent in this place as a percentage of non-inter-level travel turns spent in this place.
 E = Turns spent auto-exploring this place as a percentage of non-inter-level travel turns spent in this place.
 F = Non-inter-level travel turns spent in this place divided by the number of levels of this place that you've seen.
                   A       B       C       D       E      F
               +-------+-------+-------+-------+-------+----------------------
         Total | 100.0 | 100.0 |   1.0 |   1.5 |  10.5 | 199.3
       Dungeon | 100.0 | 100.0 |   1.0 |   1.5 |  10.5 | 199.3
               +-------+-------+-------+-------+-------+----------------------

Table legend:
 A = Kills in this place as a percentage of kills in entire the game.
 B = Kills by you in this place as a percentage of kills by you in the entire game.
 C = Kills by friends in this place as a percentage of kills by friends in the entire game.
 D = Other kills in this place as a percentage of other kills in the entire game.
 E = Experience gained in this place as a percentage of experience gained in the entire game.
 F = Experience gained in this place divided by the number of levels of this place that you have seen.
                   A       B       C       D       E      F
               +-------+-------+-------+-------+-------+----------------------
         Total | 100.0 | 100.0 |  -nan |  -nan | 100.0 |  52.3
       Dungeon | 100.0 | 100.0 |  -nan |  -nan | 100.0 |  52.3
               +-------+-------+-------+-------+-------+----------------------
